 Dungeon Crawl Stone Soup version 0.27.1-34-g3ba077fa99 (webtiles) character file.

Game seed: 16412610299509153225

158 Delamore the Sneak (level 5, -4/34 HPs)
             Began as an Octopode Brigand on Jan 16, 2022.
             Killed by divine providence
             ... invoked by an orc priest
              (13 damage)
             ... on level 3 of the Dungeon.
             The game lasted 00:03:46 (2616 turns).

Delamore the Sneak (Octopode Brigand)               Turns: 2616, Time: 00:03:47

Health: -4/34      AC:  1    Str: 10    XL:     5   Next: 40%
Magic:  5/5        EV: 14    Int: 14    God:
Gold:   129        SH:  0    Dex: 14    Spells: 4/4 levels left

rFire    . . .     SeeInvis .   f - +2 short sword (speed)
rCold    . . .     Faith    .   (no shield)
rNeg     . . .     Spirit   .   (helmet restricted)
rPois    .         Reflect  .   (no amulet)
rElec    .         Harm     .   (no ring)
rCorr    .         Rampage  .   (no ring)
Will     .....                  (no ring)
Stlth    ++++......             (no ring)
HPRegen  0.11/turn              (no ring)
MPRegen  0.09/turn              (no ring)
                                (no ring)
                                (no ring)

@: no status effects
A: almost no armour, amphibious, 8 rings, camouflage 1, gelatinous body 1,
(nimble swimmer 1), tentacles
a: no special abilities


You were on level 3 of the Dungeon.
You visited 1 branch of the dungeon, and saw 3 of its levels.

You collected 129 gold pieces.

Inventory:

Hand Weapons
 a - a +2 dagger
 d - a +1 short sword of flaming
 f - a +2 short sword of speed (weapon)
Missiles
 b - 8 poisoned darts (quivered)
 c - 2 curare-tipped darts
Scrolls
 e - 2 scrolls of magic mapping {unknown}
 i - a scroll of enchant weapon
 j - a scroll of noise
 l - a scroll of vulnerability {unknown}
 m - a scroll of fog {unknown}
Potions
 g - a potion of flight {unknown}
 h - a potion of might {unknown}
 k - 2 potions of brilliance {unknown}
 n - 2 potions of curing {unknown}


   Skills:
 - Level 2.0 Fighting
 + Level 4.0 Short Blades
 - Level 2.8 Throwing
 + Level 2.9 Dodging
 - Level 5.3 Stealth


You had 4 spell levels left.
You didn't know any spells.
Your spell library contained the following spells:

 Spells                   Type           Power      Damage    Failure   Level
 Corona                   Hex            0%         N/A       28%         1
 Ensorcelled Hibernation  Hex/Ice        0%         N/A       41%         2
 Tukima's Dance           Hex            0%         N/A       65%         3
 Leda's Liquefaction      Hex/Erth       0%         N/A       96%         4
 Bolt of Magma            Conj/Fire/Erth 0%         4d4       100%        5
 Statue Form              Tmut/Erth      0%         N/A       100%        6


Dungeon Overview and Level Annotations

Branches:
Dungeon (3/15)

Altars:


Innate Abilities, Weirdness & Mutations

You cannot wear most types of armour.
You are amphibious.
You can wear up to eight rings at the same time.
Your skin changes colour to match your surroundings (Stealth+).
Your rubbery body absorbs attacks. (AC +1, EV +1)
((You are camouflaged near water. (Stealth+)))
You have tentacles for arms and can constrict up to eight enemies at once.


Message History

The killer bee zombie is heavily damaged.
You constrict the killer bee zombie.
The killer bee zombie closely misses you.
You hit the killer bee zombie.
The killer bee zombie is severely damaged.
You constrict the killer bee zombie.
The killer bee zombie closely misses you.
You hit the killer bee zombie.
The killer bee zombie is almost destroyed.
You constrict the killer bee zombie. The killer bee zombie hits you.
You puncture the killer bee zombie!
You destroy the killer bee zombie!
Your Short Blades skill increases to level 4!
An orc priest comes into view. It is wielding a +0 dagger.
An orc wizard comes into view. It is wielding a +0 whip.
The orc wizard shouts!
You hit the orc but do no damage. You grab the orc.
You constrict the orc, but do no damage.
The orc hits you with a +0 hand axe.
You hit the orc.
The orc is lightly wounded.
You constrict the orc, but do no damage.
The orc wizard casts a spell.
The orc wizard flickers and vanishes!
Deactivating autopickup; reactivate with Ctrl-A.
You hit the orc.
The orc is moderately wounded.
You constrict the orc. The orc hits you with a +0 hand axe.
You barely miss the orc.
The orc is severely wounded.
You constrict the orc. You hit the orc but do no damage. You squeeze the orc.
You kill the orc!
The orc priest mumbles some strange prayers to Beogh against you.
Beogh smites you!
* * * LOW HITPOINT WARNING * * *
Something tries to affect you, but you resist.
The orc priest invokes the aid of Beogh against you.
Beogh smites you!
You die...

..........# ###..
.........># #..
...o......# #..
...{......# #.#
..........#
###########.#
......)...#
#...........#
..........#
#...........#
..........#
#...........#
##+#####@##
#...........# #.#
#............ #.#
#............
#.##########......
#.....######......
###..........#......
.........####.#####+#
..........## #.#
#.... #..........#
#.# #....


You could see an orc priest.

Vanquished Creatures
  Terence (D:3)
  A killer bee zombie (D:3)
  3 adders
  2 dart slugs (D:1)
  An orc (D:3)
  5 endoplasms
  6 goblins
  4 hobgoblins
  8 jackals
  4 quokkas
  8 ball pythons
  8 bats
  2 frilled lizards
  6 kobolds
  25 rats
84 creatures vanquished.

Notes
Turn   | Place    | Note
-------+----------+-------------------------------------------
     0 | D:1      | Delamore the Octopode Brigand began the quest for the Orb.
     0 | D:1      | Reached XP level 1. HP: 14/14 MP: 1/1
   149 | D:1      | Reached XP level 2. HP: 17/19 MP: 2/2
   599 | D:1      | Reached XP level 3. HP: 24/24 MP: 3/3
  1101 | D:2      | Found a faded altar of an unknown god.
  1365 | D:2      | Reached XP level 4. HP: 29/29 MP: 4/4
  2282 | D:3      | Noticed Terence
  2296 | D:3      | Killed Terence
  2297 | D:3      | Reached XP level 5. HP: 16/34 MP: 5/5
  2616 | D:3      | Killed from afar by an orc priest

Illustrated notes

Levels and vault maps discovered:
D:1:      minmay_arrival_radiant_lines, layout_loops_ring, minmay_cut_off
D:2:      layout_loops_ring, shapermc_ecumenical_altar_venn, minmay_rat_hole
D:3:      layout_basic, uniq_terence

Skill      XL: |  1  2  3  4  5 |
---------------+----------------+-----
Short Blades   | 3 4 |  4.0
Dodging        | 2 |  2.9
Fighting       | |  2.0
Throwing       | |  2.8
Stealth        | |  5.3

Action                   |  1- 3 |  4- 6 || total
-------------------------+-------+-------++-------
Melee: Dagger            |     9 |       ||     9
       Tentacles         |    11 |    16 ||    27
       Short sword       |    67 |    78 ||   145
       Constrict         |    10 |    17 ||    27
Throw: Dart              |       |     2 ||     2
  Use: Scroll            |       |     2 ||     2
 Stab: Sleeping          |    19 |     3 ||    22
Armor: Skin              |     6 |     6 ||    12
Dodge: Dodged            |    36 |    41 ||    77
